 Dungeon Crawl Stone Soup version 0.25-a0-665-ga69d64035b (webtiles) character file.

Game seed: 9164596413212365159, levelgen mode: deterministic

40 An17 the Stinger (level 3, -3/26 HPs)
             Began as a Demonspawn Wanderer on Mar 26, 2020.
             Killed by divine providence
             ... invoked by an orc priest
              (10 damage)
             ... on level 2 of the Dungeon.
             The game lasted 00:03:07 (1086 turns).

An17 the Stinger (Demonspawn Wanderer)              Turns: 1086, Time: 00:03:08

Health: -3/26      AC:  3    Str: 10    XL:     3   Next: 30%
Magic:  5/5        EV: 11    Int: 15    God:
Gold:   94         SH:  0    Dex: 13    Spells: 3/4 levels left

rFire    . . .     SeeInvis .   a - +2 quarterstaff
rCold    . . .     Gourm    .   (shield currently unavailable)
rNeg     . . .     Faith    .   b - +0 leather armour
rPois    .         Spirit   .   (no helmet)
rElec    .         Reflect  .   i - scarf {repulsion}
rCorr    .         Harm     .   (no gloves)
MR       .....                  (no boots)
Stlth    +.........             (no amulet)
HPRegen  0.08/turn              (no ring)
MPRegen  0.09/turn              (no ring)

@: lightly drained, repel missiles
A: hooves 1, rot immunity
a: no special abilities


You were on level 2 of the Dungeon.
You were hungry.

You visited 1 branch of the dungeon, and saw 2 of its levels.

You collected 94 gold pieces.

Inventory:

Hand Weapons
 a - a +2 quarterstaff (weapon)
 h - a +1 dagger of draining
Armour
 b - a +0 leather armour (worn)
 i - a scarf of repulsion (worn)
Scrolls
 g - a scroll of enchant armour {unknown}
Potions
 c - 5 potions of curing
 d - a potion of invisibility {unknown}
 e - 2 potions of degeneration {unknown}
Comestibles
 f - 10 rations


   Skills:
 + Level 1.6(1.3) Fighting
 + Level 1.8(1.5) Staves
 + Level 0.5(0.2) Armour
 + Level 1.5(1.2) Dodging
 - Level 1.0(0.7) Stealth
   Level 1.0(0.7) Shields
 + Level 1.4(1.1) Spellcasting
   Level 1.7(1.4) Charms
   Level 2.0(1.7) Poison Magic


You had 3 spell levels left.
You knew the following spells:

 Your Spells              Type           Power        Failure   Level  Hunger
a - Apportation           Tloc           #.....       32%         1    ##.....

Your spell library contained the following spells:

 Spells                   Type           Power        Failure   Level  Hunger
 Teleport Other           Tloc           #.......     69%         3    ####...


Dungeon Overview and Level Annotations

Branches:
Dungeon (2/15)

Altars:


Innate Abilities, Weirdness & Mutations

You have large cloven feet.
You are immune to rotting.


Message History

An orc comes into view. It is wielding a +0 short sword.
An orc is nearby!
The orc shouts!
An orc comes into view.
An orc wizard comes into view. It is wielding a +0 dagger.
An orc priest comes into view.
An orc comes into view.
The orc wizard shouts!
The orc shouts!
The orc wizard points at you and mumbles some strange words.
You resist with significant effort.
You hit the orc.
The orc is heavily wounded.
The orc hits you with a +0 short sword.
You are too injured to fight recklessly!
You barely miss the orc. Your kick misses the orc. The orc hits you. x2
* * * LOW HITPOINT WARNING * * *
You sock the orc!
You kill the orc!
The orc priest calls down the wrath of Beogh upon you.
Beogh smites you!
You die...

#.#
#...#.###########.#.#.
#.#
#...#.####........#.#.
#.#
#>....................
#.#
##..#.#...........#.#.
#.#
#..#.#.##.#........#.
#.# #. #.#.#
#........#. .. #.#.#
#........#. .. #.#.#
#........#. ... #@#.#
#........#. #o#.#
#........#.


.oo #........#. ..... #.......... #.....# #........#. #...... ............
#....###.###...##.#. #....# #........ #........ You could see an orc priest, an
orc wizard and an orc.

Vanquished Creatures
  An adder (D:2)
  An ooze (D:2)
  A leopard gecko (D:1)
  An orc (D:2)
  A giant cockroach (D:2)
  6 goblins
  2 hobgoblins
  4 bats
  2 frilled lizards
  3 kobolds
  4 rats
26 creatures vanquished.

Notes
Turn   | Place    | Note
-------+----------+-------------------------------------------
     0 | D:1      | An17 the Demonspawn Wanderer began the quest for the Orb.
     0 | D:1      | An17 set off with the following items: a +2 quarterstaff, a
                  | potion of curing, a +0 robe, a ration; and the following
                  | spell memorised: Apportation; and the following spells
                  | available to memorise: Teleport Other
     0 | D:1      | Reached XP level 1. HP: 15/15 MP: 2/2
   241 | D:1      | Gained mutation: You have large cloven feet. [demonic
                  | ancestry]
   241 | D:1      | Reached XP level 2. HP: 12/21 MP: 3/3
  1031 | D:2      | Gained mutation: You are immune to rotting. [demonic
                  | ancestry]
  1031 | D:2      | Reached XP level 3. HP: 18/26 MP: 5/5
  1086 | D:2      | Killed from afar by an orc priest

Levels and vault maps discovered:
D:1:      ncdulo_lavacross, layout_basic
D:2:      layout_basic, first_ration

Action                   || total
-------------------------++-------
Melee: Quarterstaff      ||    58
       Kick              ||     5
  Use: Scroll            ||     2
Armor: Leather armour    ||    23
Dodge: Dodged            ||    33

Table legend:
 A = Non-vault XP
 B = Vault XP
 C = Vault XP percentage of total XP
 D = Non-vault monster count
 E = Vault monster count
 F = Vault count percentage of total count
                 A         B        C        D         E       F
            +---------+---------+-------+---------+---------+-------
      Total |      58 |       0 |   0.0 |      26 |       0 |   0.0
            +---------+---------+-------+---------+---------+-------
        D:1 |      17 |       0 |   0.0 |      11 |       0 |   0.0
        D:2 |      41 |       0 |   0.0 |      15 |       0 |   0.0
            +---------+---------+-------+---------+---------+-------
